 Dungeon Crawl Stone Soup version 0.17.1-3-g152610e (webtiles) character file.

8043 inmateoo the Transmogrifier (level 11, -8/88 HPs)
             Began as an Octopode Transmuter on Feb 19, 2016.
             Was a High Priest of Cheibriados.
             Killed from afar by a gargoyle (21 damage)
             ... with a stone arrow
             ... on level 11 of the Dungeon.
             The game lasted 00:27:08 (10844 turns).

inmateoo the Transmogrifier (Octopode Transmuter)  Turns: 10844, Time: 00:27:08

Health: -8/88      AC:  8    Str: 24    XL:     11   Next: 24%
Magic:  15/20      EV: 17    Int: 32    God:    Cheibriados [*****.]
Gold:   492        SH:  0    Dex: 30    Spells: 5 memorised, 5 levels left

rFire  x . .     SeeInvis .       - Unarmed
rCold  + + +     Clarity  .     (shield currently unavailable)
rNeg   . . .     SustAt   .     (helmet currently unavailable)
rPois  +         Gourm    .     y - amulet of regeneration
rElec  .         Spirit   .     h - ring of protection from magic
rCorr  .         Warding  .     m - +3 ring of intelligence
rMut   .         Stasis   .     r - ring of stealth
MR     ++...                    z - +3 ring of slaying
Stlth  +++.......               A - ring of protection from magic
                                C - ring of flight
                                H - ring of poison resistance
                                (no ring)

@: ice-form, very slow, very resistant to hostile enchantments, fairly stealthy
A: almost no armour, amphibious, 8 rings, (constrict 8), (tentacle spike 0),
(camouflage 0), breathe flames 1, (gelatinous body 0)
a: End Transformation, Bend Time, Temporal Distortion, Slouch, Step From Time,
Renounce Religion, Breathe Fire, Evoke Flight


You were on level 11 of the Dungeon.
You worshipped Cheibriados.
Cheibriados was extremely pleased with you.
You were not hungry.
You were a creature of crystalline ice.
You visited 2 branches of the dungeon, and saw 12 of its levels.

You collected 767 gold pieces.
You spent 275 gold pieces at shops.

Inventory:

Hand Weapons
 s - a +1 blowgun
Missiles
 a - 164 arrows
 i - 17 arrows of flame
 l - 2 javelins of penetration (quivered)
 o - 5 javelins
 q - 6 curare-tipped needles
 t - 18 poisoned needles
 J - 8 poisoned arrows
Jewellery
 b - a +5 ring of strength {unknown}
 h - a ring of protection from magic (left front paw)
 m - a +3 ring of intelligence (right front paw)
 r - a ring of stealth (on tentacle)
 y - an amulet of regeneration (around neck)
 z - a +3 ring of slaying (on tentacle)
 A - a ring of protection from magic (on tentacle)
 C - a ring of flight (on tentacle)
 H - a ring of poison resistance (on tentacle)
Wands
 j - a wand of magic darts (9)
 v - a wand of paralysis (12)
 B - a wand of invisibility (9)
 D - a wand of flame (19)
 E - a wand of lightning (2)
Scrolls
 d - 3 scrolls of magic mapping
 k - 11 scrolls of remove curse
 u - 2 scrolls of teleportation
Potions
 e - 2 potions of might
 f - 6 potions of curing
 n - 2 potions of lignification
 p - 3 potions of agility
 w - 3 potions of flight
 x - a potion of brilliance {unknown}
 F - a potion of heal wounds {unknown}
 G - a potion of poison {unknown}
 I - a potion of cure mutation
Comestibles
 c - 7 bread rations
 g - 2 meat rations


   Skills:
 + Level 6.4 Fighting
 + Level 6.8 Dodging
 + Level 7.2 Unarmed Combat
 + Level 6.3 Spellcasting
 * Level 9.9 Transmutations
 - Level 2.4 Ice Magic
 + Level 5.1 Invocations


You had 5 spell levels left.
You knew the following spells:

 Your Spells              Type           Power        Failure   Level  Hunger
a - Regeneration          Chrm/Necr      ##........   14%         3    None
b - Sticks to Snakes      Trmt           ######....   1%          2    None
c - Spider Form           Trmt/Pois      #####.....   1%          3    None
d - Ice Form              Ice/Trmt       #####...     4%          4    ##.....
e - Blade Hands           Trmt           ######....   1%          5    ####...


Dungeon Overview and Level Annotations

Branches:
Dungeon (11/15)            Temple (1/1) D:6
   Lair: D:8-11         Orc: D:9-12

Altars:
Cheibriados
Fedhas
Gozag
Ru
Trog
Xom

Shops:
D:4 [   D:6 =   D:7 [   D:8 (

Annotations:
D:4 kaze's ghost, amateur TrBe
D:5 kaze's ghost, amateur TrBe


Innate Abilities, Weirdness & Mutations

You cannot wear most types of armour.
You are amphibious.
You can wear up to eight rings at the same time.
((You can use your tentacles to constrict eight enemies at once.))
((Your skin changes colour to match your surroundings (Stealth).))
((Your rubbery body absorbs attacks (AC +1).))
((One of your tentacles bears a spike.))
You can breathe flames.


Message History

Unknown command.
You fail to use your ability.
The centaur barely misses you. The centaur completely misses you.
The gargoyle hurls a stone arrow at you.
The stone arrow hits you!
* * * LOW HITPOINT WARNING * * *
The centaur hits you but does no damage.
Unknown command.
Unknown command.
You can feel time thicken for a moment.
You kill the centaur!
Cheibriados thoroughly appreciates the change of pace.
You kill the centaur!
Cheibriados appreciates the change of pace.
Cheibriados raises the support of your attributes as your movement slows.
You feel somewhat more hungry.
Cheibriados reduces the support of your attributes as your movement quickens.
The gargoyle hurls a stone arrow at you.
The stone arrow hits you!
You die...

.# ...
..............#
.###
..............#
..
..............#
...
.............#
..........#
#........#
#...9)...#
#..)Y)...#
#........#
#........#
#........#
.......(..#
..#...(..(.#
...#........#
.. ##########


You could see a gargoyle.

Vanquished Creatures
  Harold (D:10)
  Sonja (D:10)
  A hill giant (D:11)
  Maurice (D:10)
  A gargoyle (D:10)
  A two-headed ogre (D:8)
  Sigmund (D:4)
  2 wyverns
  A hippogriff (D:10)
  A necrophage (D:10)
  2 ice beasts
  5 ogres
  3 orc warriors
  2 sky beasts
  2 crocodiles
  5 phantoms
  10 centaurs
  A gnoll sergeant (D:7)
  2 giant frogs
  3 scorpions
  4 wights (D:8)
  A water moccasin skeleton (D:8)
  4 killer bees (D:7)
  4 crimson imps
  A centaur zombie (D:5)
  A giant frog zombie (D:7)
  A jelly (D:7)
  6 orc priests
  7 hounds
  2 iguanas
  2 giant frog skeletons
  Terence (D:2)
  Natasha (twice) (D:4)
  9 orc wizards
  8 worker ants
  A hound zombie (D:6)
  13 gnolls
  A hound skeleton (D:10)
  A shadow imp (D:10)
  6 adders
  2 oozes
  An adder zombie (D:5)
  An adder skeleton (D:8)
  5 giant geckos
  43 orcs
  4 giant cockroaches
  11 goblins
  9 hobgoblins
  7 jackals
  17 kobolds
  3 quokkas
  A ball python (D:2)
  8 bats
  2 giant gecko zombies
  6 giant newts
  A jackal skeleton (D:5)
  8 rats
250 creatures vanquished.

Vanquished Creatures (collateral kills)
  A deep elf mage (D:9)
1 creature vanquished.

Vanquished Creatures (others)
  An orc (D:11)
1 creature vanquished.

Grand Total: 252 creatures vanquished

Notes
Turn   | Place    | Note
--------------------------------------------------------------
     0 | D:1      | inmateoo the Octopode Transmuter began the quest for the Orb.
     0 | D:1      | Reached XP level 1. HP: 13/13 MP: 3/3
   200 | D:1      | Reached XP level 2. HP: 13/18 MP: 5/5
   205 | D:1      | Learned a level 2 spell: Sticks to Snakes
  1024 | D:2      | Reached XP level 3. HP: 23/23 MP: 4/6
  1480 | D:2      | Reached XP level 4. HP: 26/28 MP: 5/7
  1534 | D:2      | Noticed Terence
  1552 | D:2      | Learned a level 3 spell: Spider Form
  1572 | D:2      | Killed Terence
  2184 | D:2      | Reached XP level 5. HP: 18/33 MP: 4/8
  2632 | D:3      | Found a snail-covered altar of Cheibriados.
  2635 | D:3      | Became a worshipper of Cheibriados the Contemplative
  2954 | D:3      | Reached * piety under Cheibriados
  3105 | D:4      | Noticed an ogre
  3107 | D:4      | Noticed Natasha
  3112 | D:4      | Killed an ogre
  3112 | D:4      | Reached skill level 4 in Unarmed Combat
  3112 | D:4      | Reached XP level 6. HP: 9/39 MP: 5/10
  3621 | D:4      | Noticed kaze's ghost (amateur TrBe)
  3630 | D:4      | Found Nouchoem's Antique Armour Shop.
  3894 | D:4      | Noticed Sigmund
  3901 | D:4      | Killed Sigmund
  3901 | D:4      | Reached XP level 7. HP: 43/45 MP: 7/11
  4006 | D:4      | Killed Natasha
  4006 | D:4      | Reached skill level 5 in Transmutations
  4015 | D:4      | Learned a level 4 spell: Ice Form
  4130 | D:4      | Noticed Natasha
  4136 | D:4      | Killed Natasha
  4157 | D:4      | Gained mutation: One of your tentacles bears a spike. [mutagenic meat]
  4421 | D:5      | Entered Level 5 of the Dungeon
  4578 | D:5      | Found an opulent altar of Gozag.
  4661 | D:5      | Reached ** piety under Cheibriados
  4784 | D:6      | Reached skill level 1 in Ice Magic
  4967 | D:6      | Reached XP level 8. HP: 27/52 MP: 5/13
  5740 | D:6      | Reached skill level 5 in Unarmed Combat
  5797 | D:6      | Reached *** piety under Cheibriados
  5836 | D:6      | Reached skill level 6 in Transmutations
  5882 | D:6      | Found a staircase to the Ecumenical Temple.
  5902 | Temple   | Entered the Ecumenical Temple
  5932 | D:6      | Found Guupt's Jewellery Boutique.
  5964 | D:6      | Bought an uncursed ring of protection from magic for 275 gold pieces
  6112 | D:7      | Found Jyeqog's Antique Armour Emporium.
  6684 | D:6      | Reached XP level 9. HP: 47/58 MP: 6/15
  7043 | D:7      | Reached **** piety under Cheibriados
  7043 | D:7      | Reached skill level 7 in Transmutations
  7123 | D:7      | Reached skill level 5 in Dodging
  7169 | D:7      | Found a blossoming altar of Fedhas.
  7184 | D:7      | Gained mutation: You can breathe flames. [mutagenic meat]
  7264 | D:7      | Reached skill level 1 in Invocations
  7579 | D:7      | Found a shimmering altar of Xom.
  8350 | D:8      | Reached skill level 5 in Spellcasting
  8463 | D:8      | Reached ***** piety under Cheibriados
  8493 | D:8      | Reached skill level 5 in Fighting
  8497 | D:8      | Reached skill level 8 in Transmutations
  8526 | D:8      | Reached XP level 10. HP: 66/66 MP: 10/17
  8832 | D:8      | Found an opulent altar of Gozag.
  8839 | D:8      | Learned a level 5 spell: Blade Hands
  9004 | D:8      | Found Adio's Weapon Shoppe.
  9036 | D:8      | Learned a level 3 spell: Regeneration
  9288 | D:9      | Found a bloodstained altar of Trog.
  9828 | D:10     | Entered Level 10 of the Dungeon
  9847 | D:10     | Noticed Sonja
 10076 | D:10     | Killed Sonja
 10076 | D:10     | Reached skill level 9 in Transmutations
 10146 | D:10     | Noticed Harold
 10158 | D:10     | Killed Harold
 10188 | D:10     | Noticed Maurice
 10198 | D:10     | Killed Maurice
 10280 | D:10     | Reached XP level 11. HP: 72/72 MP: 11/20
 10691 | D:11     | Noticed a hill giant
 10830 | D:11     | Noticed a hill giant
 10838 | D:11     | Killed a hill giant
 10838 | D:11     | Reached skill level 5 in Invocations
 10844 | D:11     | Reached ****** piety under Cheibriados
 10844 | D:11     | Killed from afar by a gargoyle

Action                   |  1- 3 |  4- 6 |  7- 9 | 10-12 || total
-------------------------+-------+-------+-------+-------++-------
Melee: Unarmed           |    93 |   115 |   252 |   143 ||   603
 Cast: Beastly Appendage |    15 |     1 |       |       ||    16
       Sticks to Snakes  |     1 |     3 |       |     1 ||     5
       Spider Form       |       |    13 |     7 |       ||    20
       Ice Form          |       |       |    22 |    12 ||    34
       Blade Hands       |       |       |       |     1 ||     1
Invok: Slouch            |       |       |       |     1 ||     1
 Abil: Breathe Fire      |       |       |       |     2 ||     2
       End Transformatio |       |       |       |     1 ||     1
Evoke: Wand              |       |     1 |     9 |     2 ||    12
  Use: Scroll            |       |    11 |     4 |     5 ||    20
       Potion            |       |       |     2 |       ||     2
 Stab: Sleeping          |     6 |     6 |     4 |     7 ||    23
       Distracted        |       |       |     1 |       ||     1
  Eat: Chunk             |     2 |     6 |    12 |     5 ||    25
       Pizza             |       |     1 |       |       ||     1
       Beef jerky        |       |       |     1 |       ||     1
       Fruit             |       |       |       |     1 ||     1
       Meat ration       |       |       |       |     1 ||     1
